 Dungeon Crawl Stone Soup version 0.22.1-1-ga44c0e5 (webtiles) character file.

2293 Heatsaber the Skirmisher (level 9, -2/49 HPs)
             Began as a Vine Stalker Wizard on Sept 24, 2018.
             Was an Initiate of Sif Muna.
             Slain by a shadow (16 damage)
             ... created by the darkness of Dithmenos
             ... on level 7 of the Dungeon on Sept 25, 2018.
             The game lasted 01:38:02 (7707 turns).

Heatsaber the Skirmisher (Vine Stalker Wizard)      Turns: 7707, Time: 01:38:03

Health: -2/49      AC:  7    Str: 16    XL:     9   Next: 40%
Magic:  0/16       EV: 11    Int: 21    God:    Sif Muna [......]
Gold:   282        SH:  0    Dex: 17    Spells: 3/16 levels left

rFire    . . .     SeeInvis .   u - +0 short sword (speed)
rCold    . . .     Gourm    .   (no shield)
rNeg     . . .     Faith    .   y - +0 ring mail
rPois    .         Spirit   +   b - +0 hat
rElec    .         Reflect  .   (no cloak)
rCorr    .         Harm     .   (no gloves)
MR       .....                  i - +0 pair of boots
Stlth    ++........             m - amulet of magic regeneration
HPRegen  0.56/turn              c - +5 ring of dexterity
MPRegen  0.40/turn              e - +5 ring of strength

@: about to teleport, vulnerable, very slightly contaminated
A: fangs 3, regeneration 1, magic shield, antimagic bite, no potion heal 3, rot
immunity
a: Renounce Religion


You were on level 7 of the Dungeon.
You worshipped Sif Muna.
Sif Muna was noncommittal.
You were not hungry.

You visited 2 branches of the dungeon, and saw 8 of its levels.

You collected 282 gold pieces.

Inventory:

Hand Weapons
 u - a +0 short sword of speed (weapon)
 A - a +1 scythe of flaming
 C - a +1 dagger of venom
Armour
 a - a +0 robe
 b - a +0 hat (worn)
 i - a +0 pair of boots (worn)
 y - a +0 ring mail (worn)
 H - a +2 robe of magic resistance
Jewellery
 c - a +5 ring of dexterity (left hand)
 e - a +5 ring of strength (right hand)
 m - an amulet of magic regeneration (around neck)
 n - an uncursed ring of protection from fire
Wands
 D - a wand of paralysis (12)
Scrolls
 f - a scroll of fog {unknown}
 j - 6 scrolls of remove curse
 p - 3 scrolls of immolation
 r - a scroll of enchant weapon {unknown}
 v - a scroll of noise {unknown}
 w - 2 scrolls of enchant armour {unknown}
 x - a scroll of vulnerability
 E - a scroll of random uselessness {unknown}
 G - 2 scrolls of teleportation
Potions
 k - 2 potions of curing
 l - 2 potions of brilliance
 o - a potion of flight {unknown}
 q - a potion of heal wounds {unknown}
 s - a potion of berserk rage
 t - 3 potions of might
 z - a potion of haste {unknown}
 B - a potion of ambrosia {unknown}
 F - a potion of cancellation {unknown}
Comestibles
 d - 8 rations


   Skills:
 + Level 6.4 Fighting
 + Level 5.7 Short Blades
 + Level 5.0 Armour
 - Level 1.5 Dodging
 - Level 2.4 Stealth
 - Level 4.0 Spellcasting
 + Level 3.4 Conjurations
 - Level 1.0 Summonings
 - Level 1.0 Translocations


You had 3 spell levels left.
You knew the following spells:

 Your Spells              Type           Power        Failure   Level  Hunger
a - Magic Dart            Conj           ###.         5%          1    None
b - Blink                 Tloc           N/A          22%         2    #......
c - Call Imp              Summ           #.......     22%         2    #......
d - Mephitic Cloud        Conj/Pois/Air  #.......     38%         3    ###....
e - Conjure Flame         Conj/Fire      ##......     32%         3    ###....
f - Slow                  Hex            #.......     32%         2    #......

Your spell library contained the following spells:

 Spells                   Type           Power        Failure   Level  Hunger
 Corona                   Hex            #......      22%         1    None
 Ensorcelled Hibernation  Hex/Ice        #.....       32%         2    #......
 Dazzling Spray           Conj/Hex       ##....       32%         3    ###....
 Confuse                  Hex            #.......     54%         3    ###....
 Tukima's Dance           Hex            #.......     54%         3    ###....


Dungeon Overview and Level Annotations

Branches:
Dungeon (7/15)             Temple (1/1) D:5

Altars:
Ashenzari
Cheibriados
Dithmenos
Elyvilon
Fedhas
Gozag
Hepliaklqana
Kikubaaqudgha
Okawaru
Qazlal
Ru
Sif Muna
Trog
Uskayaw
Vehumet
Wu Jian
Xom
Yredelemnul
Zin
The Shining One
Lugonu


Innate Abilities, Weirdness & Mutations

You have razor-sharp teeth.
Your natural rate of healing is unusually fast.
When hurt, damage is shared between your health and your magic reserves.
Your bite disrupts and absorbs the magic of your enemies.
Potions cannot restore your health.
You are immune to rotting.


Message History

Aiming: Magic Dart (safe; 5% risk of failure)
Press: ? - help, Shift-Dir - straight line, f - shadow
Aim: a shadow (almost destroyed, durably summoned)
The magic dart hits the shadow.
The shadow is almost destroyed.
The shadow slips into darkness.
The shadow flickers and vanishes!
Deactivating autopickup; reactivate with Ctrl-A.
Okay, then.
Unknown command.
You close the door.
Something unseen opens the door.
As you read the scroll labeled NOIPILUANA, it crumbles to dust.
Magic quickly surges around you.
It was a scroll of vulnerability.
As you read the scroll labeled DUQ ANENOEKH, it crumbles to dust.
You feel strangely unstable.
It was a scroll of teleportation.
As you read the scroll labeled VIOPNI MUJE, it crumbles to dust.
You feel aware of your surroundings.
It was a scroll of magic mapping.
The shadow strikes at you from the darkness!
You die...

.................................
.................................
..#.....)).......................
..##....)#............#..........
.......5.#............#...#####..
.....(...#.....####...#...##.....
......(.(#.................+.....
<(((.....##)##.......#.....#....#
.............+..@................
.............#..................#
....#........#...............<..#
....#........####'#.............#
....'......{......#.#.....#.....#
.####.....ยง#........#.....#+#+#..
..,*#....).#........#............
,,...#######.....................
,....* #.............#.......


There were no monsters in sight!

Vanquished Creatures
  2 shadows
  An ice beast (D:5)
  2 sky beasts
  2 orc warriors (D:6)
  2 black bears (D:6)
  2 ogres
  A centaur (D:7)
  A phantom (D:5)
  A crocodile (D:7)
  The ghost of Paps the Caller, an amateur OpSu (D:3)
  2 bullfrogs (D:6)
  A scorpion (D:4)
  A bullfrog zombie (D:6)
  A gnoll shaman (D:7)
  4 hounds
  4 orc priests
  2 bullfrog skeletons
  4 orc wizards
  An iguana (D:7)
  5 worker ants
  4 hound skeletons
  5 adders
  3 adder skeletons
  3 worms
  4 leopard geckos
  17 orcs
  4 bats
  8 giant cockroaches
  3 goblins
  5 hobgoblins
  10 jackals
  6 kobolds
  3 quokkas
  A ball python (D:1)
  4 frilled lizards
  A jackal skeleton (D:4)
  A leopard gecko skeleton (D:4)
  A quokka skeleton (D:4)
  10 rats
  A spectral orc (D:2)
134 creatures vanquished.

Vanquished Creatures (collateral kills)
  Sigmund (D:4)
  An ogre (D:5)
  A bullfrog (D:6)
  The ghost of ThePrince the Sneak, an amateur SpEn (D:3)
  2 crimson imps (D:5)
  A worker ant (D:5)
  4 gnolls (D:7)
  2 worms
  2 dart slugs (D:3)
  10 orcs
  3 bats
  A goblin (D:3)
  A hobgoblin (D:3)
  A frilled lizard (D:1)
  2 kobolds
  A rat (D:2)
34 creatures vanquished.

Vanquished Creatures (others)
  2 withered plants (D:3)
2 creatures vanquished.

Grand Total: 170 creatures vanquished

Notes
Turn   | Place    | Note
-------+----------+-------------------------------------------
     0 | D:1      | Heatsaber the Vine Stalker Wizard began the quest for the
                  | Orb.
     0 | D:1      | Reached XP level 1. HP: 9/9 MP: 5/5
   572 | D:1      | Reached XP level 2. HP: 10/13 MP: 7/7
   579 | D:1      | Learned a level 2 spell: Blink
   582 | D:1      | Learned a level 2 spell: Call Imp
  1138 | D:2      | Noticed a moth of wrath
  1141 | D:2      | Found a bloodstained altar of Trog.
  1538 | D:2      | Reached skill level 1 in Fighting
  1627 | D:2      | Reached XP level 3. HP: 13/18 MP: 9/9
  1632 | D:2      | Learned a level 3 spell: Mephitic Cloud
  1717 | D:2      | Found a radiant altar of Vehumet.
  1971 | D:2      | Found a basalt altar of Yredelemnul.
  2181 | D:2      | Reached skill level 2 in Fighting
  2665 | D:3      | Gained mutation: Your natural rate of healing is unusually
                  | fast. [Vine Stalker growth]
  2665 | D:3      | Reached XP level 4. HP: 13/23 MP: 6/11
  2789 | D:3      | Found a runed gate.
  2789 | D:3      | Found a runed gate.
  2789 | D:3      | Found a runed gate.
  2789 | D:3      | Noticed ThePrince's ghost (amateur SpEn)
  2822 | D:3      | Noticed Paps's ghost (amateur OpSu)
  2848 | D:3      | Learned a level 3 spell: Conjure Flame
  2886 | D:3      | Found a snail-covered altar of Cheibriados.
  2962 | D:3      | Found a faded altar of an unknown god.
  3049 | D:3      | Found a stormy altar of Qazlal.
  3139 | D:3      | Reached skill level 1 in Short Blades
  3483 | D:3      | Killed ThePrince's ghost
  3483 | D:3      | Reached skill level 3 in Fighting
  3483 | D:3      | Reached XP level 5. HP: 24/28 MP: 3/12
  3486 | D:3      | Killed Paps's ghost
  3486 | D:3      | Reached skill level 1 in Armour
  3608 | D:4      | Reached XP level 6. HP: 28/32 MP: 13/13
  3884 | D:4      | Noticed Sigmund
  3901 | D:4      | Killed Sigmund
  4122 | D:4      | Found an ornate altar of the Wu Jian Council.
  4122 | D:4      | Found an ancient bone altar of Kikubaaqudgha.
  4122 | D:4      | Found a glowing silver altar of Zin.
  4122 | D:4      | Found a shadowy altar of Dithmenos.
  4364 | D:4      | Reached skill level 4 in Fighting
  4364 | D:4      | Reached XP level 7. HP: 37/37 MP: 14/14
  4773 | D:5      | Entered Level 5 of the Dungeon
  4818 | D:5      | Found a shattered altar of Ashenzari.
  5372 | D:5      | Gained mutation: You have razor-sharp teeth. [Vine Stalker
                  | growth]
  5372 | D:5      | Reached XP level 8. HP: 35/42 MP: 6/15
  5386 | D:5      | Reached skill level 5 in Fighting
  5589 | D:5      | Found a staircase to the Ecumenical Temple.
  5616 | Temple   | Entered the Ecumenical Temple
  5740 | D:4      | Became a worshipper of Dithmenos the Shadowed
  5983 | D:6      | Learned a level 2 spell: Slow
  6129 | D:6      | Found a deep blue altar of Sif Muna.
  6135 | D:6      | Fell from the grace of Dithmenos
  6135 | D:6      | Became a worshipper of Sif Muna the Loreminder
  6386 | D:6      | Reached skill level 5 in Short Blades
  6530 | D:6      | Reached skill level 6 in Fighting
  6530 | D:6      | Reached XP level 9. HP: 18/48 MP: 6/16
  6784 | D:6      | Found a bloodstained altar of Trog.
  6825 | D:6      | Found an iron altar of Okawaru.
  7012 | D:7      | Found a sacrificial altar of Ru.
  7054 | D:7      | Noticed a shadow demon
  7060 | D:7      | Noticed a sixfirhy
  7645 | D:7      | Reached skill level 5 in Armour
  7707 | D:7      | Slain by a shadow

Skill      XL: |  1  2  3  4  5  6  7  8  9 |
---------------+----------------------------+-----
Spellcasting   | 4 |  4.0
Fighting       | 1 2 3 4 6 |  6.4
Short Blades   | 1 2 4 5 |  5.7
Armour         | 1 2 3 4 5 |  5.0
Conjurations   | 2 3 |  3.4
Dodging        | |  1.5
Stealth        | |  2.4
Summonings     | |  1.0
Translocations | |  1.0

Action                   |  1- 3 |  4- 6 |  7- 9 || total
-------------------------+-------+-------+-------++-------
Melee: Club              |    20 |       |       ||    20
       Bite              |    19 |    34 |   108 ||   161
       Unarmed           |     1 |       |       ||     1
       Dagger            |    68 |    27 |   221 ||   316
       Short sword       |       |    81 |    33 ||   114
       Scythe            |       |       |     6 ||     6
 Cast: Magic Dart        |    46 |    11 |     8 ||    65
       Call Imp          |    23 |    14 |    46 ||    83
       Blink             |     5 |       |     4 ||     9
       Mephitic Cloud    |       |     2 |    18 ||    20
       Conjure Flame     |       |     1 |    14 ||    15
       Slow              |       |       |     1 ||     1
  Use: Scroll            |       |       |    11 ||    11
 Stab: Sleeping          |     7 |     3 |     4 ||    14
       Distracted        |     1 |     2 |     1 ||     4
       Confused          |       |     1 |     3 ||     4
  Eat: Chunk             |     6 |     6 |    13 ||    25
       Ration            |       |       |     1 ||     1
Armor: Robe              |    23 |    11 |       ||    34
       Ring mail         |       |    11 |    83 ||    94
Dodge: Dodged            |    59 |    43 |   146 ||   248
